 Dungeon Crawl Stone Soup version 0.25.1-2-g60ff931df9 (webtiles) character file.

Game seed: 14496853047507283520

1264 DearestLeader the Geomancer (level 8, -3/41 HPs)
             Began as a Gargoyle Earth Elementalist on Oct 25, 2020.
             Was a Follower of Vehumet.
             Slain by a gnoll
             ... wielding a +0 spear
              (9 damage)
             ... on level 5 of the Dungeon.
             The game lasted 00:10:05 (4909 turns).

DearestLeader the Geomancer (GrEE)                  Turns: 4909, Time: 00:10:06

Health: -3/41      AC:  9    Str: 12    XL:     8   Next: 52%
Magic:  14/15      EV: 12    Int: 18    God:    Vehumet [*.....]
Gold:   283        SH:  0    Dex: 10    Spells: 2/17 levels left

rFire    . . .     SeeInvis .   j - +2 dagger (venom)
rCold    . . .     Gourm    .   (no shield)
rNeg     + + .     Faith    .   c - +0 robe
rPois    ∞         Spirit   .   m - +0 helmet
rElec    +         Reflect  .   i - +0 cloak
rCorr    .         Harm     .   (no gloves)
MR       .....     Rnd*Tele +   (no boots)
Stlth    ++........             (no amulet)
HPRegen  0.13/turn              k - ring of positive energy
MPRegen  0.14/turn              r - ring of teleportation

@: marked
A: negative energy resistance 1, electricity resistance, unbreathing,
petrification resistance, rot immunity, AC +5
a: Renounce Religion


You were on level 5 of the Dungeon.
You worshipped Vehumet.
Vehumet was aware of your devotion.
You were not hungry.

You visited 1 branch of the dungeon, and saw 5 of its levels.
You also visited: Ossuary.

You collected 283 gold pieces.

Inventory:

Hand Weapons
 f - a +0 dagger of electrocution
 j - a +2 dagger of venom (weapon)
 t - a +1 dagger of electrocution
Missiles
 b - 93 stones (quivered)
Armour
 c - a +0 robe (worn)
 i - a +0 cloak (worn)
 m - a +0 helmet (worn)
Jewellery
 k - a ring of positive energy (left hand)
 r - a ring of teleportation (right hand)
 y - an uncursed ring of protection from fire {unknown}
 z - an uncursed amulet of magic regeneration {unknown}
Wands
 u - a wand of polymorph (2)
 w - a wand of digging (5)
Scrolls
 e - 3 scrolls of random uselessness
 q - a scroll of magic mapping {unknown}
 v - a scroll of remove curse
 x - a scroll of blinking {unknown}
 A - a scroll of noise
 B - a scroll of immolation {unknown}
Potions
 a - 2 potions of might
 g - a potion of invisibility {unknown}
 h - 3 potions of brilliance
 l - 3 potions of mutation {unknown}
 n - 2 potions of stabbing {unknown}
 o - 2 potions of lignification {unknown}
 p - a potion of flight {unknown}
 s - 10 potions of degeneration {unknown}
 D - a potion of magic {unknown}
Comestibles
 d - 7 rations
 E - 3 chunks of flesh


   Skills:
 - Level 2.0 Dodging
 - Level 2.1 Stealth
 + Level 5.0 Spellcasting
 - Level 0.7 Transmutations
 * Level 10.7 Earth Magic


You had 2 spell levels left.
You knew the following spells:

 Your Spells              Type           Power        Failure   Level  Hunger
a - Sandblast             Erth           #####.       1%          1    None
b - Passwall              Tmut/Erth      ####....     1%          2    #......
c - Stone Arrow           Conj/Erth      ###...       4%          3    ##.....
d - Lee's Rapid Deconstr  Erth           #####.....   4%          5    ######.
e - Petrify               Tmut/Erth      ####....     13%         4    ####...

Your spell library contained the following spells:

 Spells                   Type           Power        Failure   Level  Hunger
 Searing Ray              Conj           #.....       21%         2    #......


Dungeon Overview and Level Annotations

Branches:
Dungeon (5/15)             Temple (0/1) D:4         Ossuary (visited)

Altars:
Elyvilon
Makhleb
Nemelex Xobeh
Vehumet


Innate Abilities, Weirdness & Mutations

You are resistant to torment.
Your stone body is resilient. (AC +5)
You are immune to poison.
You resist negative energy. (rN+)
You are resistant to electric shocks. (rElec)
You can survive without breathing.
You are immune to petrification.
You are immune to rotting.


Message History

You closely miss the jackal. The gnoll misses you.
The gnoll hits you but does no damage. The gnoll hits you with a +0 spear.
* * * LOW HITPOINT WARNING * * *
The jackal closely misses you.
The jackal bites you but does no damage.
The gnoll closely misses you.
Unknown command.
Casting: Passwall (safe; 1% risk of failure)
Confirm with . or Enter, or press ? or * to list all spells.
Aiming: Sandblast (safe; 1% risk of failure)
Press: ? - help, Shift-Dir - straight line, f - gnoll
Aim: a gnoll, wielding a +0 whip The blast of sand hits the gnoll!
You kill the gnoll!
Vehumet accepts your kill.
Your Spellcasting skill increases to level 5!
b - 93 stones The jackal closely misses you.
The gnoll closely misses you. The gnoll hits you with a +0 spear!
You die...

...........
≈≈≈....≈≈≈≈
≈≈....≈≈≈≈
≈≈....≈≈≈≈ .h.....
#########'g''#
#.......#gh..# .
#.....gg#hggl#....
#..gggggg)@hS'....
#'################
#.......#...
#.....g..%≈≈
#.......gg≈≈
...........#g.g
....######## .g
#.... $.. #####
###


You could see a gnoll sergeant, 11 gnolls, an adder, a leopard gecko and 4
jackals.

Vanquished Creatures
  Sigmund (D:3)
  Eustachio (D:4)
  An ice beast (D:5)
  3 ogres
  A centaur zombie (Ossuary)
  2 hounds
  3 human zombies (Ossuary)
  3 orc wizards
  2 orc priests (D:4)
  A bullfrog skeleton (D:5)
  A jelly (D:5)
  4 mummies
  A worker ant zombie (D:5)
  A howler monkey zombie (D:5)
  Robin (D:2)
  A gnoll (D:5)
  3 adders
  2 oozes
  3 leopard geckos
  11 orcs
  5 giant cockroaches
  8 hobgoblins
  3 jackals (D:4)
  4 kobolds
  2 quokkas
  2 ball pythons
  8 bats
  6 frilled lizards
  18 goblins
  3 goblin zombies
  A jackal zombie (D:5)
  A kobold zombie (Ossuary)
  A leopard gecko skeleton (D:5)
  2 orc zombies (Ossuary)
  3 rats
113 creatures vanquished.

Notes
Turn   | Place    | Note
-------+----------+-------------------------------------------
     0 | D:1      | DearestLeader the Gargoyle Earth Elementalist began the
                  | quest for the Orb.
     0 | D:1      | Reached XP level 1. HP: 10/10 MP: 3/3
   189 | D:1      | Reached skill level 4 in Earth Magic
   207 | D:1      | Reached XP level 2. HP: 9/15 MP: 5/5
   661 | D:1      | Reached skill level 5 in Earth Magic
   661 | D:1      | Reached XP level 3. HP: 15/19 MP: 6/6
   865 | D:2      | Noticed Robin
  1116 | D:2      | Found a burning altar of Makhleb.
  1122 | D:2      | Reached skill level 6 in Earth Magic
  1122 | D:2      | Reached XP level 4. HP: 13/24 MP: 7/7
  1339 | D:2      | Found a radiant altar of Vehumet.
  1378 | D:2      | Killed Robin
  1522 | D:2      | Became a worshipper of Vehumet
  1642 | D:2      | Reached XP level 5. HP: 22/28 MP: 8/8
  2165 | D:3      | Noticed Sigmund
  2274 | D:3      | Learned a level 2 spell: Passwall
  2278 | D:3      | Learned a level 3 spell: Stone Arrow
  2593 | D:3      | Reached skill level 7 in Earth Magic
  2953 | D:3      | Killed Sigmund
  2953 | D:3      | Reached XP level 6. HP: 32/32 MP: 5/10
  3123 | D:4      | Reached skill level 8 in Earth Magic
  3168 | D:4      | Found a sand-covered staircase.
  3174 | Ossuary  | Entered an ossuary
  3379 | Ossuary  | Reached * piety under Vehumet
  3379 | Ossuary  | Offered knowledge of Freeze by Vehumet.
  3379 | Ossuary  | Reached XP level 7. HP: 24/36 MP: 6/11
  3751 | D:4      | Reached skill level 9 in Earth Magic
  3807 | D:4      | Found a sparkling altar of Nemelex Xobeh.
  3809 | D:4      | Noticed Eustachio
  3818 | D:4      | Killed Eustachio
  3818 | D:4      | Reached XP level 8. HP: 22/41 MP: 6/14
  3881 | D:4      | Learned a level 5 spell: Lee's Rapid Deconstruction
  3886 | D:4      | Learned a level 4 spell: Petrify
  4043 | D:4      | Found a staircase to the Ecumenical Temple.
  4413 | D:4      | Found a white marble altar of Elyvilon.
  4664 | D:5      | Entered Level 5 of the Dungeon
  4704 | D:5      | Reached skill level 10 in Earth Magic
  4803 | D:5      | Offered knowledge of Searing Ray by Vehumet.
  4909 | D:5      | Reached skill level 5 in Spellcasting
  4909 | D:5      | Slain by a gnoll

Illustrated notes

Levels and vault maps discovered:
D:1:      wheals_arrival_shading, layout_rooms
D:2:      layout_basic, vehumet_crystals, makhleb_heckhound_becter,
          first_ration, chequers_big_river, corexii_corridor_pit, uniq_robin
D:3:      layout_basic, uniq_sigmund
D:4:      layout_loops_ring, nemelex_xobeh_ov_fountains_minmay,
          lemuel_round_altar, minmay_temple_entry_butterflies,
          nicolae_ossuary_entry_giza, uniq_eustachio
D:5:      lemuel_castle_with_subvaults [lemuel_castle_interior_carwin_3],
          layout_layer_cave, uniq_duvessa

Skill      XL: |  1  2  3  4  5  6  7  8 |
---------------+-------------------------+-----
Earth Magic    | 4 5 6 7 8 9 10 | 10.7
Dodging        | 2 |  2.0
Spellcasting   | 3 4 5 |  5.0
Stealth        | |  2.1
Transmutations | |  0.7

Action                   |  1- 3 |  4- 6 |  7- 9 || total
-------------------------+-------+-------+-------++-------
Melee: Dagger            |   107 |   140 |    74 ||   321
       Unarmed           |     1 |       |       ||     1
 Cast: Sandblast         |     2 |    13 |    36 ||    51
       Lee's Rapid Decon |       |       |     2 ||     2
  Use: Scroll            |     2 |     1 |     2 ||     5
       Potion            |       |     1 |     2 ||     3
 Stab: Sleeping          |     1 |     1 |     3 ||     5
  Eat: Chunk             |     1 |     4 |     5 ||    10
       Ration            |       |     1 |       ||     1
Armor: Robe              |    48 |    58 |    66 ||   172
Dodge: Dodged            |   122 |    87 |    88 ||   297
